Map: Site Delta LE

Players

soO - Winner!

  • Race: Zerg Zerg
  • Spawn Location: 11:00

DRG

  • Race: Zerg Zerg
  • Spawn Location: 5:00

Event: ESL Spring 2024 Finals

VOD

Have the link to the VOD?

Description

Time

  • Played on: May 31, 2024, 6:20 p.m.
  • Length: 8:28

All games in this series

Show
View Real Time Build Order
Export as new Build Order

soO Zerg - Winner!

Build Orders: Hatch First 

Get SALT Encoding   

  12  0:00  Drone  
  13  0:12  Overlord  
  13  0:16  Drone  
  14  0:30  Drone x2  
  16  0:47  Hatchery  
  15  0:50  Drone  
  15  0:55  Drone  
  17  0:57  Drone  
  18  1:06  Extractor  
  17  1:13  Spawning Pool  
  17  1:16  Drone  
  17  1:19  Drone  
  18  1:27  Drone  
  19  1:38  Drone  
  20  1:49  Drone  
  21  2:00  Zergling x2, Queen x2  
  26  2:02  Drone  
  26  2:07  Metabolic Boost  
  27  2:10  Overlord  
  27  2:11  Drone  
  28  2:29  Zergling x2  
  29  2:33  Hatchery  
  29  2:34  Zergling x2  
  29  2:36  Drone  
  30  2:41  Drone  
  32  2:44  Drone  
  32  2:45  Overlord  
  32  2:55  Drone  
  32  2:56  Zergling x2  
  34  3:02  Baneling Nest  
  34  3:05  Zergling x4  
  35  3:13  Zergling x12  
  41  3:22  Overlord  
  41  3:25  Drone  
  42  3:33  Drone, Overlord  
  43  3:44  Drone  
  43  3:45  Drone, Zergling x2  
  43  3:46  Zergling x2  
  47  3:48  Drone  
  47  3:54  Drone x2, Queen  
  50  3:56  Zergling x2  
  50  4:04  Drone x3  
  50  4:05  Drone  
  50  4:08  Roach Warren  
  54  4:10  Drone x2  
  54  4:12  Zergling x2  
  54  4:20  Drone x2  
  54  4:22  Extractor  
  54  4:23  Drone  
  55  4:26  Baneling  
  55  4:27  Overlord  
  55  4:33  Drone x3, Evolution Chamber  
  55  4:35  Drone, Extractor  
  57  4:41  Drone  
  57  4:43  Overlord  
  58  4:51  Baneling  
  58  4:53  Drone  
  58  4:56  Drone x2  
  61  5:05  Zerg Missile Weapons Level 1  
  61  5:08  Overlord  
  61  5:09  Drone  
  61  5:13  Drone  
  63  5:14  Drone x2  
  63  5:17  Drone x9  
  74  5:23  Roach x4  
  74  5:25  Lair  
  81  5:29  Drone x3  
  81  5:31  Roach x2  
  81  5:33  Extractor  
  87  5:35  Extractor  
  87  5:42  Roach x2  
  90  5:43  Overlord  
  90  5:48  Overlord  
  90  5:52  Overlord  
  90  5:55  Drone x2  
  90  6:00  Overlord x2  
  90  6:01  Queen  
  90  6:02  Overlord  
  91  6:06  Roach x5  
  91  6:07  Roach  
  91  6:08  Roach  
  91  6:09  Roach  
  106  6:14  Roach  
  106  6:17  Roach  
  106  6:18  Roach  
  112  6:23  Glial Reconstitution  
  112  6:26  Roach  
  112  6:27  Roach  
  112  6:31  Roach  
  112  6:32  Overseer, Roach x3  
  124  6:35  Roach x3  
  124  6:38  Overlord  
  130  6:41  Extractor  
  130  6:43  Roach x2  
  133  6:48  Overlord  
  133  6:50  Overlord  
  133  6:53  Overlord, Roach x2  
  137  6:54  Overlord  
  137  6:58  Roach  
  139  7:01  Roach  
  139  7:04  Roach x2  
  139  7:07  Overlord  
  145  7:09  Roach x3  
  145  7:12  Roach  
  145  7:13  Roach  
  154  7:18  Roach  
  154  7:20  Roach  
  158  7:24  Roach  
  158  7:26  Roach x2  
  158  7:29  Ravager x2, Roach x2  
  170  7:30  Ravager  
  170  7:34  Roach  
  170  7:35  Roach x3  
  179  7:38  Roach  
  180  7:44  Roach x2  
  180  7:48  Ravager  
  180  7:49  Overlord x2  
  185  7:52  Overlord  
  179  8:03  Roach  
  179  8:04  Roach x2  
  179  8:05  Roach x3  
Show
View Real Time Build Order
Export as new Build Order

DRG Zerg 

Build Orders: Hatch First 

Get SALT Encoding   

  12  0:00  Drone  
  13  0:11  Overlord  
  13  0:16  Drone  
  14  0:30  Drone x2  
  16  0:47  Hatchery  
  15  0:50  Drone  
  15  0:54  Drone  
  17  0:57  Drone  
  18  1:08  Extractor  
  17  1:12  Spawning Pool  
  17  1:15  Drone  
  17  1:19  Drone  
  18  1:27  Drone  
  19  1:38  Drone  
  20  1:48  Drone  
  21  1:58  Queen  
  21  1:59  Queen, Overlord  
  21  2:00  Drone  
  26  2:10  Drone x2  
  26  2:11  Metabolic Boost  
  28  2:21  Zergling x4  
  30  2:31  Drone x2  
  32  2:39  Hatchery  
  32  2:43  Queen  
  33  2:48  Baneling Nest  
  32  2:51  Overlord  
  32  2:54  Drone  
  32  2:58  Drone  
  34  3:00  Drone  
  35  3:09  Zergling x2  
  35  3:11  Zergling x8  
  40  3:15  Zergling x2  
  40  3:17  Zergling x2  
  40  3:18  Zergling x2  
  42  3:23  Overlord  
  42  3:27  Zergling x2  
  42  3:31  Baneling x2  
  43  3:37  Baneling  
  43  3:38  Drone  
  43  3:44  Drone x6  
  43  3:45  Zergling x2  
  48  3:51  Drone  
  48  3:54  Drone x2  
  50  4:03  Drone x2  
  50  4:04  Roach Warren  
  51  4:10  Drone x5  
  51  4:14  Zergling x2  
  56  4:17  Drone  
  56  4:21  Overlord  
  56  4:23  Overlord  
  57  4:24  Extractor  
  57  4:28  Evolution Chamber  
  55  4:32  Overlord  
  55  4:35  Drone  
  55  4:37  Drone x2  
  56  4:39  Drone  
  56  4:41  Drone  
  56  4:45  Drone x3  
  61  4:48  Lair  
  61  4:55  Roach x3  
  61  4:56  Zerg Missile Weapons Level 1  
  61  4:58  Zergling x8  
  70  5:03  Drone  
  70  5:05  Overlord  
  71  5:07  Overlord  
  71  5:12  Overlord  
  71  5:15  Roach x4  
  71  5:17  Overlord  
  79  5:23  Overlord  
  79  5:26  Roach x3  
  85  5:32  Overlord  
  85  5:35  Roach x2  
  89  5:38  Overlord  
  89  5:46  Drone x6  
  89  5:48  Drone  
  96  5:53  Glial Reconstitution  
  91  5:59  Drone  
  91  6:00  Drone x4  
  91  6:02  Drone  
  97  6:06  Drone x2  
  97  6:07  Drone  
  97  6:08  Drone  
  97  6:09  Extractor x2  
  97  6:10  Extractor  
  97  6:12  Overlord, Extractor  
  97  6:13  Roach x3  
  97  6:17  Overseer, Overlord  
  102  6:20  Drone  
  102  6:22  Hatchery  
  102  6:25  Drone  
  102  6:30  Overlord  
  101  6:34  Roach x4  
  101  6:38  Drone x4  
  113  6:42  Overlord  
  113  6:45  Overlord  
  113  6:47  Hatchery  
  113  6:50  Roach x4  
  113  6:53  Drone  
  121  6:55  Pneumatized Carapace  
  121  6:56  Evolution Chamber  
  121  6:58  Roach  
  121  6:59  Roach  
  124  7:02  Overlord  
  124  7:09  Roach  
  124  7:10  Roach x4  
  124  7:14  Overlord  
  134  7:25  Roach x4  
  134  7:27  Overlord  
  134  7:28  Overlord x2  
  142  7:32  Roach x2  
  146  7:39  Roach x4  
  146  7:41  Ravager  
  146  7:42  Ravager x2  
  157  7:44  Roach  
  157  7:50  Roach x4  
  175  7:58  Roach x5  
  161  8:07  Roach x4  
Tags
 
Add a new tag
Caveats
  • Supply blocks, unpowered buildings, or Contaminate may cause inaccurate times.
  • Supply counts are checked every 10 seconds.